 Dungeon Sprint DCSS version 0.19-a0-787-gcef06a7 (webtiles) character file.

6119 Mood the Stormcaller (level 10, -6/63 HPs)
             Began as a Tengu Air Elementalist on June 26, 2016.
             Was the Champion of Makhleb.
             Mangled by an orc knight
             ... wielding a +0 war axe
              (19 damage)
             ... in the Dungeon (Sprint IX: "|||||||||||||||||||||||||||||").
             The game lasted 00:04:34 (1468 turns).

Mood the Stormcaller (Tengu Air Elementalist)       Turns: 1468, Time: 00:04:35

Health: -6/63      AC:  7    Str:  8    XL:     10   Next: 89%
Magic:  1/20       EV: 18    Int: 27    God:    Makhleb [******]
Gold:   665        SH:  0    Dex: 14    Spells: 3 memorised, 13 levels left

rFire  . . .     SeeInvis .     o - +4 quarterstaff of Cour {elec, rN+ Int+4}
rCold  . . .     Gourm    .     p - +0 leather armour
rNeg   + . .     Faith    .     (shield currently unavailable)
rPois  .         Spirit   .     (helmet restricted)
rElec  .         Dismiss  .     q - +0 cloak
rCorr  .         Reflect  .     C - +0 pair of gloves
SustAt .         Harm     .     (boots unavailable)
MR     .....     NoTele   +     (no amulet)
Stlth  ++........               s - +3 ring of intelligence
                                r - +2 ring of protection

@: not resistant to hostile enchantments, unstealthy
A: beak, talons 3, able to fly 1
a: Fly, Minor Destruction, Lesser Servant of Makhleb, Major Destruction, Greater
Servant of Makhleb, Renounce Religion


You were in the Dungeon.
You worshipped Makhleb.
Makhleb was exalted by your worship.
You were not hungry.

You visited 1 branch You collected 665 gold pieces.

Inventory:

Hand Weapons
 o - the +4 quarterstaff of Cour (weapon) {elec, rN+ Int+4}
   (You found it in the Dungeon)

   Occasionally, upon striking a foe, it will discharge some electrical energy
   and cause terrible harm.
   It affects your intelligence (+4).
   It protects you from negative energy.
Armour
 a - a +0 robe
 p - a +0 leather armour (worn)
 q - a +0 cloak (worn)
 C - a +0 pair of gloves (worn)
Magical Staves
 n - an uncursed staff of energy
Jewellery
 r - a +2 ring of protection (left hand)
 s - a +3 ring of intelligence (right hand)
Wands
 m - a wand of lightning (7/15)
Scrolls
 i - 2 scrolls of blinking
 k - 5 scrolls of remove curse
 l - 2 scrolls of amnesia
 w - 4 scrolls of enchant armour
 x - a scroll of recharging
 y - a scroll of fear
Potions
 d - 6 potions of curing
 e - 4 potions of heal wounds
 f - a potion of haste
 g - 4 potions of magic
 h - a potion of agility
 j - a potion of resistance
 u - a potion of cure mutation
Books
 b - a book of Air

   Spells                             Type                      Level
   a - Shock                          Conjuration/Air              1
   b - Swiftness                      Charms/Air                   2
   c - Repel Missiles                 Charms/Air                   2
   d - Static Discharge               Conjuration/Air              3
   e - Lightning Bolt                 Conjuration/Air              5
Comestibles
 c - 12 bread rations
 v - 13 meat rations
 A - 40 fruits


   Skills:
 + Level 7.4 Fighting
 * Level 11.0 Staves
 + Level 0.4 Armour
 + Level 11.3 Dodging
 - Level 2.0 Stealth
 - Level 6.0 Spellcasting
 * Level 13.3 Conjurations
 * Level 2.1 Charms
 + Level 15.4 Air Magic
 * Level 9.1 Invocations


You had 13 spell levels left.
You knew the following spells:

 Your Spells              Type           Power        Failure   Level  Hunger
a - Shock                 Conj/Air       ####         1%          1    None
b - Lightning Bolt        Conj/Air       ######....   1%          5    #####..
c - Repel Missiles        Chrm/Air       ######       1%          2    None


Dungeon Overview and Level Annotations

Branches:
Dungeon (1/1)

Altars:
Cheibriados
Dithmenos
Elyvilon
Fedhas
Gozag
Hepliaklqana
Kikubaaqudgha
Makhleb
Nemelex Xobeh
Okawaru
Pakellas
Qazlal
Ru
Sif Muna
Trog
Uskayaw
Vehumet
Xom
Yredelemnul
Zin
The Shining One
Beogh
Jiyva
Lugonu


Innate Abilities, Weirdness & Mutations

You have a beak for a mouth.
You have claws for feet.
You can fly.


Message History

You peck the orc knight, but do no damage.
The orc knight is almost dead.
The orc knight hits you but does no damage.
Casting: Lightning Bolt
Confirm with . or Enter, or press ? or * to list all spells.
Aiming: Shock
Press: ? - help, Shift-Dir - straight line, f - orc knight
Aim: an orc knight, wielding a war axe and wearing a chain mail (almost dead)
The zap hits the orc knight.
The orc knight appears unharmed.
The orc knight is almost dead.
The zap hits the orc warrior.
The orc warrior appears unharmed.
The zap hits the orc warrior.
The orc warrior is moderately wounded.
The zap hits the orc.
The orc is lightly wounded.
The zap hits the orc priest.
The orc priest is moderately wounded.
The orc warrior no longer looks unusually strong.
The orc knight hits you with a war axe!!
You die...

▓▓▓▓▓▓▓▓▓▓▓▓▓▓▓▓▓▓▓▓▓▓▓▓
).)))[)).....')$@ooooo..
▓▓▓▓▓▓▓▓▓▓▓▓▓▓▓▓▓▓▓▓▓▓▓▓▓▓▓▓▓▓▓▓▓
.................................
▓▓▓▓▓▓▓▓▓▓▓▓▓▓▓▓▓▓▓▓▓▓▓▓▓▓▓▓▓▓▓▓▓
.[.....÷.........†%.%......'†.†..
▓▓▓▓▓▓▓▓▓▓▓▓▓▓▓▓▓▓▓▓▓▓▓▓▓▓▓▓▓▓▓▓▓
.................................
▓▓▓▓▓▓▓▓▓▓▓▓▓▓▓▓▓▓▓▓▓▓▓▓▓▓▓▓▓▓▓▓▓
.†'________________________'...).


You could see an orc knight, 2 orc warriors, an orc priest and an orc.

Vanquished Creatures
  A death yak (D)
  An unseen horror (D)
  An orc knight (D)
  An orc sorcerer (D)
  An elephant (D)
  A gargoyle (D)
  A spiny frog (D)
  A blink frog (D)
  3 yaks (D)
  3 wargs (D)
  2 hell hounds (D)
  A porcupine (D)
  2 ice beasts (D)
  6 orc warriors (D)
  A necrophage (D)
  3 wolves (D)
  2 crocodiles (D)
  3 giant frogs (D)
  A gnoll sergeant (D)
  A scorpion (D)
  2 crimson imps (D)
  6 orc priests (D)
  4 orc wizards (D)
  3 iguanas (D)
  A worker ant (D)
  An adder (D)
  3 river rats (D)
  An adder zombie (D)
  A dart slug (D)
  4 orcs (D)
  A ball python (D)
  A hobgoblin (D)
  A giant cockroach zombie (D)
  A giant newt (D)
  A kobold (D)
67 creatures vanquished.

Vanquished Creatures (others)
  An orc warrior (D)
1 creature vanquished.

Grand Total: 68 creatures vanquished

Notes
Turn   | Place    | Note
--------------------------------------------------------------
     0 | D        | Mood the Tengu Air Elementalist began the quest for the Orb.
     0 | D        | Reached XP level 1. HP: 10/10 MP: 4/4
     5 | D        | Reached skill level 1 in Fighting
     9 | D        | Reached skill level 5 in Air Magic
    12 | D        | Reached XP level 2. HP: 8/16 MP: 0/6
   177 | D        | Noticed a crimson imp
   177 | D        | Noticed an ice beast
   180 | D        | Reached skill level 6 in Air Magic
   187 | D        | Killed a crimson imp
   187 | D        | Reached skill level 7 in Air Magic
   187 | D        | Reached XP level 3. HP: 22/22 MP: 0/8
   190 | D        | Killed an ice beast
   190 | D        | Reached skill level 5 in Conjurations
   190 | D        | Reached skill level 9 in Air Magic
   190 | D        | Reached XP level 4. HP: 22/29 MP: 1/11
   190 | D        | Gained mutation: You can fly. [Tengu growth]
   190 | D        | Reached XP level 5. HP: 25/33 MP: 1/12
   270 | D        | Found a glowing silver altar of Zin.
   270 | D        | Found a glowing golden altar of the Shining One.
   270 | D        | Found an ancient bone altar of Kikubaaqudgha.
   270 | D        | Found a basalt altar of Yredelemnul.
   270 | D        | Found a shimmering altar of Xom.
   270 | D        | Found a radiant altar of Vehumet.
   271 | D        | Found an iron altar of Okawaru.
   272 | D        | Found a burning altar of Makhleb.
   273 | D        | Found a deep blue altar of Sif Muna.
   274 | D        | Found a bloodstained altar of Trog.
   275 | D        | Found a sparkling altar of Nemelex Xobeh.
   276 | D        | Found a white marble altar of Elyvilon.
   277 | D        | Found a roughly hewn altar of Beogh.
   278 | D        | Found a viscous altar of Jiyva.
   279 | D        | Found a corrupted altar of Lugonu.
   280 | D        | Became a worshipper of Makhleb the Destroyer
   281 | D        | Found a blossoming altar of Fedhas.
   282 | D        | Found a snail-covered altar of Cheibriados.
   283 | D        | Found a shadowy altar of Dithmenos.
   284 | D        | Found a stormy altar of Qazlal.
   285 | D        | Found an opulent altar of Gozag.
   286 | D        | Found a sacrificial altar of Ru.
   287 | D        | Found an oddly glowing altar of Pakellas.
   288 | D        | Found a hide-covered altar of Uskayaw.
   289 | D        | Found a hazy altar of Hepliaklqana.
   307 | D        | Got the +4 quarterstaff of Cour {elec, rN+ Int+4}
   335 | D        | Learned a level 5 spell: Lightning Bolt
   336 | D        | Noticed an orc warrior
   336 | D        | Noticed a gargoyle
   336 | D        | Noticed an orc warrior
   339 | D        | Reached skill level 1 in Staves
   339 | D        | Reached skill level 10 in Air Magic
   339 | D        | Reached skill level 1 in Invocations
   339 | D        | Reached XP level 6. HP: 39/39 MP: 2/14
   344 | D        | Reached * piety under Makhleb
   344 | D        | Killed an orc warrior
   344 | D        | Reached skill level 5 in Spellcasting
   344 | D        | Reached skill level 11 in Air Magic
   374 | D        | Killed a gargoyle
   374 | D        | Reached skill level 5 in Dodging
   374 | D        | Reached skill level 12 in Air Magic
   374 | D        | Reached XP level 7. HP: 34/44 MP: 5/16
   384 | D        | Reached skill level 5 in Staves
   428 | D        | Reached ** piety under Makhleb
   431 | D        | Reached XP level 8. HP: 44/48 MP: 1/18
   431 | D        | Reached *** piety under Makhleb
   431 | D        | Reached skill level 5 in Invocations
   433 | D        | Killed an unseen horror
   433 | D        | Reached skill level 13 in Air Magic
   645 | D        | Noticed a spiny frog
   645 | D        | Noticed a blink frog
   647 | D        | Reached **** piety under Makhleb
   647 | D        | Reached skill level 10 in Conjurations
   648 | D        | Killed a blink frog
   648 | D        | Reached skill level 5 in Fighting
   648 | D        | Reached XP level 9. HP: 54/54 MP: 3/19
   650 | D        | Killed a spiny frog
   650 | D        | Reached skill level 14 in Air Magic
   653 | D        | Reached ***** piety under Makhleb
   881 | D        | Learned a level 2 spell: Repel Missiles
   889 | D        | Noticed an elephant
   889 | D        | Noticed a death yak
   897 | D        | Killed a death yak
   898 | D        | Reached ****** piety under Makhleb
   902 | D        | Killed an elephant
   902 | D        | Reached skill level 10 in Dodging
   902 | D        | Reached XP level 10. HP: 60/60 MP: 4/20
  1109 | D        | Reached skill level 15 in Air Magic
  1113 | D        | Reached skill level 10 in Staves
  1320 | D        | Noticed an orc sorcerer
  1329 | D        | Killed an orc sorcerer
  1329 | D        | Reached skill level 1 in Charms
  1448 | D        | Noticed an orc knight
  1453 | D        | Killed an orc knight
  1454 | D        | Noticed an orc knight
  1468 | D        | Mangled by an orc knight

Vault maps used:
D:        linesprint

Skill      XL: |  1  2  3  4  5  6  7  8  9 10 |
---------------+-------------------------------+-----
Fighting       | 1 2 4 5 6 7 |  7.4
Air Magic      | 5 7 9 10 12 13 14 15 | 15.4
Conjurations   | 3 5 7 8 10 12 13 | 13.3
Dodging        | 3 4 5 6 8 10 11 | 11.3
Spellcasting   | 3 4 5 6 |  6.0
Staves         | 1 4 5 7 9 11 | 11.0
Invocations    | 1 4 6 8 9 |  9.1
Charms         | 2 |  2.1
Armour         | |  0.4
Stealth        | |  2.0

Action                   |  1- 3 |  4- 6 |  7- 9 | 10-12 || total
-------------------------+-------+-------+-------+-------++-------
Melee: Unarmed           |    11 |     2 |       |       ||    13
       Kick              |     4 |     5 |     6 |    11 ||    26
       Peck              |     3 |     7 |     6 |     9 ||    25
       Quarterstaff      |       |    30 |    39 |    51 ||   120
 Cast: Shock             |     9 |     1 |     9 |     1 ||    20
       Lightning Bolt    |       |     2 |     7 |    12 ||    21
  Use: Potion            |     1 |     2 |       |       ||     3
 Stab: Invisible         |       |     5 |     2 |       ||     7
  Eat: Chunk             |       |       |     3 |     1 ||     4
       Bread ration      |       |       |       |     1 ||     1
Armor: Robe              |     1 |       |     4 |     4 ||     9
       Leather armour    |       |       |       |     1 ||     1
Dodge: Dodged            |     6 |    26 |    29 |    26 ||    87
